 Dungeon Crawl Stone Soup version 0.29-a0-876-gfc89b1a5bd (webtiles) character file.

Game seed: 2998331172044006612

92 clackabat the Chopper (level 4, -5/41 HPs)
             Began as a Minotaur Monk on July 19, 2022.
             Slain by Sigmund
             ... wielding a +0 scythe
              (7 damage)
             ... on level 2 of the Dungeon.
             The game lasted 00:02:52 (1750 turns).

clackabat the Chopper (Minotaur Monk)               Turns: 1750, Time: 00:02:53

Health: -5/41      AC:  3    Str: 14      XL:     4   Next: 35%
Magic:  3/3        EV: 12    Int: 13      God:
Gold:   89         SH:  0    Dex: 11 (12) Spells: 3/3 levels left

rFire   . . .      SeeInvis .   a - +0 hand axe
rCold   . . .      Faith    .   (no shield)
rNeg    . . .      Spirit   .   l - +0 leather armour
rPois   .          Reflect  .   (helmet restricted)
rElec   .          Harm     .   (no cloak)
rCorr   .          Rampage  .   (no gloves)
Will    .....                   (no boots)
Stlth   +.........              (no amulet)
HPRegen 0.13/turn               (no ring)
MPRegen 0.08/turn               (no ring)

@: no status effects
A: horns 2, retaliatory headbutt, clever 1, deterioration 1
a: no special abilities


You were on level 2 of the Dungeon.
You visited 1 branch of the dungeon, and saw 2 of its levels.

You collected 89 gold pieces.

Inventory:

Hand Weapons
 a - a +0 hand axe (weapon)
Missiles
 e - 2 poisoned darts (quivered)
Armour
 b - a +0 robe
 d - a +0 tower shield
 l - a +0 leather armour (worn)
Scrolls
 f - a scroll of noise {unknown}
 g - 2 scrolls of identify {unknown}
 h - a scroll of poison {unknown}
 j - 2 scrolls of immolation {unknown}
 k - 2 scrolls of fog {unknown}
 n - a scroll of fear {unknown}
Potions
 c - 2 potions of ambrosia
 m - 2 potions of heal wounds {unknown}


   Skills:
 + Level 4.6 Fighting
 * Level 5.6 Axes
 - Level 3.2 Dodging
 - Level 1.5 Stealth


You had 3 spell levels left.
You didn't know any spells.
Your spell library contained the following spells:

 Spells                   Type           Power      Damage    Failure   Level
 Sting                    Tmut/Pois      0%         1d3       36%         1
 Poisonous Vapours        Pois/Air       0%         N/A       52%         2
 Anguish                  Hex/Necr       0%         N/A       98%         4
 Olgreb's Toxic Radiance  Pois           0%         N/A       98%         4
 Enfeeble                 Hex            0%         N/A       100%        7


Dungeon Overview and Level Annotations

Branches:
Dungeon (2/15)

Altars:

Shops:
D:1 (

Annotations:
D:2 Sigmund


Innate Abilities, Weirdness & Mutations

You have a pair of horns on your head.
You reflexively headbutt those who attack you in melee.
Your mind is acute. (Int +4, Str/Dex -1)
Your body sometimes deteriorates upon taking damage.


Message History

You closely miss Sigmund. You hit Sigmund but do no damage.
Sigmund casts a spell.
Sigmund flickers and vanishes!
Deactivating autopickup; reactivate with Ctrl-A.
You slash something! Your headbutt misses something.
Something hits you but does no damage. The adder bites you.
You are poisoned.
The adder poisons you!
You closely miss something. You closely miss the adder.
You feel sick. Something hits you. The adder misses you.
It was a potion of mutation.
You feel extremely strange.
You feel yourself wasting away.
You feel clever.
You feel sick. The adder misses you. You furiously retaliate!
You headbutt the adder. Something hits you.
Your body deteriorates!
You feel clumsy.
You hit something but do no damage. Your headbutt misses something.
You hit the adder but do no damage.
You feel sick. The adder closely misses you.
The adder bites you but does no damage.
You barely miss something. You barely miss the adder.
You feel sick. The adder misses you. You furiously retaliate!
You headbutt the adder. Something hits you!
You miss something. You hit the adder.
You feel sick.
You are no longer poisoned.
The adder closely misses you. Something hits you. The adder closely misses you.
You miss something. You barely miss the adder.
The adder bites you but does no damage.
You hit something but do no damage. Your headbutt misses something.
You hit the adder.
You kill the adder!
Something hits you but does no damage.
You hit something. Something hits you but does no damage.
You closely miss something. You barely miss something. Something hits you!
* * * LOW HITPOINT WARNING * * *
You miss something. Your headbutt misses something.
Something hits you but does no damage.
You hit something. You hit something. Your headbutt misses something.
Something hits you!
You die...

#.....# #.....# .......#
......# ........ ......#
....[.####### ......#
...........
#.....#######.......####
........................
#.....###.##....†{...#
#..#### #.##....@....#
##.## #.##.........#
##..#####.##......##.#
.......##.##.###### #
..........##.#
.............#
.............#######
...._..........)...#
.............#####.#
##########


There were no monsters in sight!

Vanquished Creatures
  A gnoll (D:1)
  3 adders (D:2)
  A worm (D:2)
  6 dart slugs
  2 endoplasms (D:2)
  5 hobgoblins
  5 kobolds (D:1)
  2 quokkas (D:1)
  7 bats
  3 frilled lizards (D:1)
  A goblin (D:1)
  9 rats
45 creatures vanquished.

Notes
Turn   | Place    | Note
-------+----------+-------------------------------------------
     0 | D:1      | clackabat the Minotaur Monk began the quest for the Orb.
     0 | D:1      | Reached XP level 1. HP: 19/19 MP: 0/0
    30 | D:1      | Reached skill level 4 in Axes
    51 | D:1      | Reached XP level 2. HP: 25/27 MP: 1/1
   336 | D:1      | Reached XP level 3. HP: 33/33 MP: 2/2
   769 | D:1      | Found Lolaepez's Weapon Shop.
  1066 | D:2      | Reached skill level 5 in Axes
  1108 | D:2      | Found a faded altar of an unknown god.
  1260 | D:2      | Reached XP level 4. HP: 26/41 MP: 3/3
  1728 | D:2      | Noticed Sigmund
  1739 | D:2      | Gained mutation: Your body sometimes deteriorates upon
                  | taking damage. [potion of mutation]
  1739 | D:2      | Gained mutation: Your mind is acute. (Int +4, Str/Dex -1)
                  | [potion of mutation]
  1747 | D:2      | HP: 2/41 [something (12)]
  1750 | D:2      | Slain by Sigmund

Illustrated notes

Levels and vault maps discovered:
D:1:      nicolae_arrival_washed_ashore, layout_basic, serial_shops, shop
D:2:      layout_basic, basic_ecumenical_altar, uniq_sigmund

Skill      XL: |  1  2  3 |
---------------+----------+-----
Axes           | 4 5 |  5.6
Fighting       | 4 |  4.6
Dodging        | |  3.2
Stealth        | |  1.5

Action                   |  1- 3 |  4- 6 || total
-------------------------+-------+-------++-------
Melee: Hand axe          |    74 |    32 ||   106
       Headbutt          |     7 |     6 ||    13
  Use: Potion            |       |     1 ||     1
 Stab: Sleeping          |     7 |       ||     7
       Distracted        |     1 |       ||     1
Armor: Robe              |     6 |       ||     6
       Leather armour    |     5 |     9 ||    14
Dodge: Dodged            |    51 |    13 ||    64

Table legend: (Time is in decaauts)
 A = Elapsed time spent in this place.
 B = Non-inter-level travel time spent in this place.
 C = Inter-level travel time spent in this place.
 D = Time resting spent in this place.
 E = Time spent auto-exploring this place.
 F = Levels seen in this place.
 G = Mean time per level.
                   A        B        C        D        E       F      G
               +--------+--------+--------+--------+--------+-----+--------+
         Total |   1755 |   1569 |    186 |    125 |   1174 |   2 |  877.5 |
       Dungeon |   1755 |   1569 |    186 |    125 |   1174 |   2 |  877.5 |
               +--------+--------+--------+--------+--------+-----+--------+

Top non-repeatable levels by time:
     D:1: 948 daAuts
     D:2: 807 daAuts
